 Dungeon Crawl Stone Soup version 0.30.1-11-g7821555f0a (webtiles) character file.

Game seed: 13981706109705125764

768 PurpleCat the Shield-Bearer (level 7, -1/63 HPs)
             Began as a Minotaur Fighter on Nov 9, 2023.
             Slain by a gnoll
             ... wielding a +0 spear
             ... led by a gnoll bouda
              (4 damage)
             ... on level 4 of the Dungeon.
             The game lasted 00:18:21 (3650 turns).

PurpleCat the Shield-Bearer (Minotaur Fighter)      Turns: 3650, Time: 00:18:21

Health: -1/63      AC: 12    Str: 22    XL:     7   Next: 52%
Magic:  6/6        EV:  8    Int:  5    God:
Gold:   236        SH:  5    Dex: 10    Spells: 6/6 levels left

rFire   + . .        a - +0 war axe
rCold   x . .        c - +0 buckler
rNeg    . . .        w - +0 chain mail
rPois   .            (helmet restricted)
rElec   .            (no cloak)
rCorr   .            r - +0 pair of gloves
SInv    .            p - +0 pair of boots
Will    .....        (no amulet) Stlth
                     q - ring of fire
HPRegen 0.30/turn    (no ring)
MPRegen 0.10/turn

%: no passive effects
@: no status effects
A: horns 2, retaliatory headbutt
a: no special abilities


You were on level 4 of the Dungeon.
You visited 1 branch of the dungeon, and saw 4 of its levels.

You collected 236 gold pieces.

Inventory:

Hand Weapons
 a - a +0 war axe (weapon)
Missiles
 s - 26 stones (quivered)
Armour
 c - a +0 buckler (worn)
 p - a +0 pair of boots (worn)
 r - a +0 pair of gloves (worn)
 w - a +0 chain mail (worn)
Jewellery
 q - a ring of fire (left hand)
Wands
 o - a wand of mindburst (6)
Scrolls
 b - a scroll of torment {unknown}
 f - 2 scrolls of acquirement {unknown}
 g - 11 scrolls of identify {unknown}
 h - 2 scrolls of blinking {unknown}
 n - 2 scrolls of immolation {unknown}
 t - a scroll of amnesia {unknown}
Potions
 d - 3 potions of might
 e - 2 potions of heal wounds {unknown}
 i - a potion of lignification {unknown}
 j - 2 potions of flight {unknown}
 k - 2 potions of resistance {unknown}
 l - 3 potions of attraction {unknown}
 m - 2 potions of curing {unknown}
 u - a potion of experience {unknown}
 v - a potion of degeneration {unknown}
 x - a potion of brilliance {unknown}
 z - a potion of ambrosia {unknown}


   Skills:
 + Level 6.1 Fighting
 + Level 5.5 Axes
 + Level 6.2 Armour
 + Level 6.2 Shields


You had 6 spell levels left.
You didn't know any spells.
Your spell library contained the following spells:

 Spells                   Type           Power      Damage    Failure   Level
 Magic Dart               Conj           0%         1d3       98%         1
 Call Imp                 Summ           0%         N/A       99%         2
 Ensorcelled Hibernation  Hex/Ice        0%         N/A       99%         2
 Passwall                 Tmut/Erth      0%         N/A       99%         2
 Mephitic Cloud           Conj/Pois/Air  0%         N/A       100%        3
 Swiftness                Air            0%         N/A       100%        3


Dungeon Overview and Level Annotations

Branches:
Dungeon (4/15)
 Temple: D:4-7

Altars:
Makhleb
Nemelex Xobeh
Ru
Zin

Shops:
D:2 =

Annotations:
D:3 1 runed translucent door, Crazy Yiuf


Innate Abilities, Weirdness & Mutations

You have a pair of horns on your head.
You reflexively headbutt those who attack you in melee.


Message History

You feel less confused.
The gnoll is no longer moving quickly.
You hear some strange, mumbled words.
A magic dart appears from out of thin air!
The magic dart hits you.
The gnoll hits you from afar with a +0 halberd!
You miss something. Something hits you but does no damage.
The gnoll closely misses you. Something hits you.
You miss something. You block the gnoll's attack. Something hits you.
* * * LOW HITPOINT WARNING * * *
The gnoll hits you from afar with a +0 halberd.
* * * LOW HITPOINT WARNING * * *
You hit something. Your headbutt misses something.
Something hits you but does no damage.
The gnoll hits you from afar with a +0 halberd.
* * * LOW HITPOINT WARNING * * *
You barely miss something. Something hits you but does no damage.
You block the gnoll's attack.
You miss something. Something hits you.
* * * LOW HITPOINT WARNING * * *
The gnoll completely misses you.
You closely miss something. Your headbutt misses something.
You hear some strange, mumbled words.
Something tries to affect you, but you resist.
You block the gnoll's attack. Something hits you but does no damage.
You hit something. Your headbutt misses something.
The gnoll hits you from afar with a +0 halberd.
* * * LOW HITPOINT WARNING * * *
Something completely misses you. The gnoll closely misses you.
You miss something. You headbutt something.
Reactivating autopickup.
You feel a bit more experienced.
The gnoll hits you from afar with a +0 halberd.
* * * LOW HITPOINT WARNING * * *
The gnoll hits you but does no damage. The gnoll barely misses you.
Items here: )))) [[[[ ††.
You barely miss the gnoll. The gnoll completely misses you.
You furiously retaliate!
You headbutt the gnoll!
The gnoll hits you from afar with a +0 spear.
You die... #.# #.# #. #.####.#.# ........# #. #....#.#.# .......# #. #####.#.#.# ....... #. ....#.#.#.# ..... #. ###.#.#.#.# .og. #. ..#.#.#.#.# #gJ

#. #.......#.# #g# #.
###.#.###.######@# #.
....#...........)# ##.
#########.######## #..
........#.##########
#†.
#######.#.##.......###
#.. ....#
#.#.)..........# #.#
###.###.####.......#.#
#.# #.....#
#.......#.# #.#
####### #.......#.#
#.#


You could see 3 gnolls, an orc and an endoplasm.

Vanquished Creatures
  Edmund (D:4)
  A black bear (D:4)
  An ogre (D:3)
  A scorpion (D:2)
  A jelly (D:4)
  A gnoll bouda (D:4)
  A sleepcap (D:4)
  2 orc priests (D:4)
  An iguana (D:4)
  2 orc wizards (D:4)
  4 adders
  4 gnolls (D:4)
  6 dart slugs
  20 orcs
  6 endoplasms
  6 goblins
  7 hobgoblins
  5 kobolds
  5 quokkas
  14 ball pythons
  5 bats
  4 frilled lizards
  3 rats
101 creatures vanquished.

Notes
Turn   | Place    | Note
-------+----------+-------------------------------------------
     0 | D:1      | PurpleCat the Minotaur Fighter began the quest for the Orb.
     0 | D:1      | Reached XP level 1. HP: 19/19 MP: 0/0
   128 | D:1      | Reached XP level 2. HP: 27/27 MP: 1/1
   652 | D:2      | Reached XP level 3. HP: 31/33 MP: 2/2
   842 | D:2      | Reached XP level 4. HP: 20/41 MP: 3/3
   966 | D:2      | Found Gioshidwico's Jewellery Shoppe.
  1129 | D:2      | Found a faded altar of an unknown god.
  1263 | D:2      | Noticed a scorpion
  1331 | D:3      | Found a sacrificial altar of Ru.
  1455 | D:3      | Found a runed translucent door.
  1456 | D:3      | Noticed Crazy Yiuf
  1750 | D:3      | Noticed an ogre
  2059 | D:3      | Killed an ogre
  2060 | D:3      | Reached XP level 5. HP: 47/47 MP: 4/4
  2069 | D:2      | Reached skill level 5 in Fighting
  2069 | D:2      | Reached skill level 5 in Armour
  2069 | D:2      | Reached skill level 5 in Shields
  2527 | D:4      | Reached XP level 6. HP: 54/56 MP: 5/5
  2911 | D:4      | Found a sparkling altar of Nemelex Xobeh.
  2912 | D:4      | Found a glowing silver altar of Zin.
  2973 | D:4      | Found a burning altar of Makhleb.
  3074 | D:4      | Reached XP level 7. HP: 61/61 MP: 6/6
  3324 | D:4      | Reached skill level 5 in Axes
  3617 | D:4      | Noticed Edmund
  3630 | D:4      | Killed Edmund
  3648 | D:4      | HP: 2/63 [gnoll/+0 halberd[a gnoll bouda] (3)]
  3650 | D:4      | Slain by a gnoll

Illustrated notes

Levels and vault maps discovered:
D:1:      psy_arrival_whirlpool, layout_basic
D:2:      minmay_spotlight, layout_loops_ring, basic_ecumenical_altar,
          serial_shops, shop, minmay_ruptured
D:3:      layout_loops_ring, mainiacjoe_overflow_surrounded_room,
          dreamdust_wishing_well, uniq_crazy_yiuf_cottage
D:4:      layout_basic, lemuel_doored_altar, kennysheep_okawaru_gauntlet,
          mainiacjoe_overflow_divided_tiny, uniq_edmund

Skill      XL: |  1  2  3  4  5  6  7 |
---------------+----------------------+-----
Shields        | 4 5 6 |  6.2
Fighting       | 4 5 6 |  6.1
Armour         | 4 5 6 |  6.2
Axes           | 3 4 5 |  5.5

Action                     |  1- 3 |  4- 6 |  7- 9 || total
---------------------------+-------+-------+-------++-------
  Melee: War axe           |    64 |   102 |    42 ||   208
         Headbutt          |     7 |    18 |     7 ||    32
 Armour: Scale mail        |    31 |    19 |       ||    50
         Chain mail        |       |    34 |    18 ||    52
  Dodge: Dodged            |    35 |    44 |    18 ||    97
  Block: Buckler           |    14 |    23 |    11 ||    48
